 Dungeon Crawl Stone Soup version 0.25-a0-589-g1e14c549ee (webtiles) character file.

Game seed: 1797890612670139730, levelgen mode: deterministic

100 Kohma the Digger (level 4, 0/24 HPs)
             Began as a Gargoyle Earth Elementalist on Mar 11, 2020.
             Was an Initiate of Ashenzari.
             Slain by a worm (9 damage)
             ... on level 3 of the Dungeon.
             The game lasted 00:05:23 (2276 turns).

Kohma the Digger (Gargoyle Earth Elementalist)      Turns: 2276, Time: 00:05:24

Health: 0/24       AC:  5    Str: 11    XL:     4   Next: 74%
Magic:  1/8        EV: 12    Int: 17    God:    Ashenzari [......]
Gold:   150        SH:  0    Dex: 10    Spells: 3/9 levels left

rFire    . . .     SeeInvis .   r - staff of wizardry
rCold    . . .     Gourm    .   (no shield)
rNeg     + . .     Faith    .   c - +0 robe
rPois    ∞         Spirit   .   (no helmet)
rElec    +         Reflect  .   (no cloak)
rCorr    .         Harm     .   (no gloves)
MR       .....                  (no boots)
Stlth    ++........             (no amulet)
HPRegen  0.08/turn              (no ring)
MPRegen  0.11/turn              (no ring)

@: no status effects
A: negative energy resistance 1, electricity resistance, unbreathing,
petrification resistance, rot immunity, AC +3
a: Curse Item, Renounce Religion


You were on level 3 of the Dungeon.
You worshipped Ashenzari.
Ashenzari was noncommittal.
You were very hungry.

You visited 1 branch of the dungeon, and saw 3 of its levels.

You collected 150 gold pieces.

Inventory:

Hand Weapons
 e - a +0 short sword
Missiles
 b - 119 stones (quivered)
 f - 13 bolts
 h - 27 sling bullets
Armour
 c - a +0 robe (worn)
Magical Staves
 r - an uncursed staff of wizardry (weapon)
Wands
 t - a wand of random effects (14)
Scrolls
 g - 2 scrolls of identify {unknown}
 n - a scroll of amnesia {unknown}
 o - a scroll of enchant armour {unknown}
 q - a scroll of teleportation {unknown}
 s - a scroll of remove curse
Potions
 a - a potion of mutation {unknown}
 k - 2 potions of resistance {unknown}
 l - a potion of stabbing {unknown}
 m - a potion of might {unknown}
 p - a potion of invisibility {unknown}
Comestibles
 d - 3 rations


   Skills:
 - Level 1.5 Dodging
 - Level 2.1 Stealth
 * Level 3.0 Spellcasting
 + Level 0.1 Conjurations
 + Level 0.7 Transmutations
 * Level 5.6 Earth Magic


You had 3 spell levels left.
You knew the following spells:

 Your Spells              Type           Power        Failure   Level  Hunger
a - Sandblast             Erth           ###...       1%          1    None
b - Passwall              Tmut/Erth      ##......     2%          2    ##.....
c - Stone Arrow           Conj/Erth      ##....       6%          3    ###....

Your spell library contained the following spells:

 Spells                   Type           Power        Failure   Level  Hunger
 Petrify                  Tmut/Erth      ##......     19%         4    ####...
 Lee's Rapid Deconstruct  Erth           ###.......   19%         5    ######.


Dungeon Overview and Level Annotations

Branches:
Dungeon (3/15)

Altars:
Ashenzari
Makhleb


Innate Abilities, Weirdness & Mutations

You are resistant to torment.
Your stone body is resilient. (AC +3)
You are immune to poison.
You resist negative energy. (rN+)
You are resistant to electric shocks. (rElec)
You can survive without breathing.
You are immune to petrification.
You are immune to rotting.


Message History

Press: ? - help, Shift-Dir - straight line, f - worm
Aim: a worm (heavily wounded)
The stone arrow hits the worm!
The worm is almost dead.
You are feeling very hungry.
The worm barely misses you.
You hit the worm but do no damage.
The worm is almost dead.
You hit the worm.
The worm is almost dead.
The worm misses you.
You hit the worm.
The worm is almost dead.
The worm bites you.
You hit the worm but do no damage.
The worm is almost dead.
You hit the worm but do no damage.
The worm is almost dead.
The worm bites you!
You die...

#..... #. ... ##.### ... ...
#.# ##'# ... #.# #..w# #.#
#.# .....# ####.# #.###
......# ##.##.# #...#
.......####...#.#########...#
...†...'=..w@†...............
...†...####...#.#########...#
......# ##.##.# ##..# .....#
####.# ##.# #...# #.# ##.#
##'# #.# ###..# #. #.# #....#
# #.# #####∩## #.# ##8##⌠.⌠#


You could see a worm.

Vanquished Creatures
  4 adders
  2 oozes
  A worm (D:2)
  A dart slug (D:3)
  2 leopard geckos (D:1)
  An orc (D:3)
  7 bats
  6 giant cockroaches
  8 goblins
  2 hobgoblins
  A quokka (D:3)
  A ball python (D:3)
  A frilled lizard (D:3)
  6 kobolds
  7 rats
50 creatures vanquished.

Notes
Turn   | Place    | Note
-------+----------+-------------------------------------------
     0 | D:1      | Kohma the Gargoyle Earth Elementalist began the quest for
                  | the Orb.
     0 | D:1      | Reached XP level 1. HP: 10/10 MP: 3/3
    99 | D:1      | Reached XP level 2. HP: 8/15 MP: 1/5
   107 | D:1      | Reached skill level 4 in Earth Magic
   600 | D:1      | Reached XP level 3. HP: 19/19 MP: 4/6
   619 | D:1      | Learned a level 2 spell: Passwall
   623 | D:1      | Learned a level 3 spell: Stone Arrow
  1404 | D:2      | Reached skill level 5 in Earth Magic
  1404 | D:2      | Reached XP level 4. HP: 12/24 MP: 6/8
  2189 | D:3      | Found a shattered altar of Ashenzari.
  2189 | D:3      | Found a burning altar of Makhleb.
  2202 | D:3      | Became a worshipper of Ashenzari the Shackled
  2276 | D:3      | Slain by a worm

Levels and vault maps discovered:
D:1:      lightli_arrival_noodles, layout_basic, minmay_pentomino_o4
D:2:      layout_loops_ring
D:3:      layout_loops_corners, amethyst_overflow_temple_binary,
          tso_oasis_becter

Skill      XL: |  1  2  3 |
---------------+----------+-----
Earth Magic    | 4 5 |  5.6
Spellcasting   | 3 |  3.0
Dodging        | |  1.5
Stealth        | |  2.1
Conjurations   | |  0.1
Transmutations | |  0.7

Action                   |  1- 3 |  4- 6 || total
-------------------------+-------+-------++-------
Melee: Short sword       |   117 |    47 ||   164
       Unarmed           |     4 |       ||     4
       Staff             |       |    25 ||    25
 Cast: Sandblast         |    12 |     6 ||    18
       Stone Arrow       |       |     4 ||     4
 Stab: Sleeping          |     5 |     3 ||     8
  Eat: Chunk             |     2 |     2 ||     4
Armor: Robe              |    55 |    21 ||    76
Dodge: Dodged            |   107 |    35 ||   142

Table legend:
 A = Non-vault XP
 B = Vault XP
 C = Vault XP percentage of total XP
 D = Non-vault monster count
 E = Vault monster count
 F = Vault count percentage of total count
                 A         B        C        D         E       F
            +---------+---------+-------+---------+---------+-------
      Total |     138 |       6 |   4.2 |      46 |       4 |   8.0
            +---------+---------+-------+---------+---------+-------
        D:1 |      34 |       6 |  15.0 |      19 |       4 |  17.4
        D:2 |      53 |       0 |   0.0 |       9 |       0 |   0.0
        D:3 |      51 |       0 |   0.0 |      18 |       0 |   0.0
            +---------+---------+-------+---------+---------+-------
